 Dungeon Crawl Stone Soup version 0.27-a0-1312-g5cdb2b3542 (webtiles) character file.

Game seed: 1916502927174549118

66 ipx the Digger (level 3, -5/19 HPs)
             Began as a Deep Elf Earth Elementalist on June 20, 2021.
             Was an Initiate of Ashenzari.
             Slain by a two-headed ogre (24 damage)
             ... on level 4 of the Dungeon.
             The game lasted 00:14:38 (874 turns).

ipx the Digger (Deep Elf Earth Elementalist)         Turns: 874, Time: 00:14:39

Health: -5/19      AC:  2    Str:  5    XL:     3   Next: 96%
Magic:  0/9        EV: 12    Int: 20    God:    Ashenzari [......]
Gold:   33         SH:  0    Dex: 15    Spells: 2/8 levels left

rFire    . . .     SeeInvis .   d - scroll of fear
rCold    . . .     Faith    .   (no shield)
rNeg     . . .     Spirit   .   b - +0 robe "Share My Ordeal" {Elem, Range} (curse)
rPois    .         Reflect  .   (no helmet)
rElec    .         Harm     .   (no cloak)
rCorr    .         Rampage  .   (no gloves)
Will     .....                  (no boots)
Stlth    ++........             (no amulet)
HPRegen  0.06/turn              (no ring)
MPRegen  0.11/turn              (no ring)

@: no status effects
A: no striking features
a: Renounce Religion, Curse Item, Shatter the Chains


You were on level 4 of the Dungeon.
You worshipped Ashenzari.
Ashenzari was noncommittal.
You visited 1 branch of the dungeon, and saw 4 of its levels.

You collected 33 gold pieces.

Inventory:

Armour
 b - the cursed +0 robe "Share My Ordeal" (worn) {Elem, Range}

   It has a curse which improves the following skills: Elements: Fire Magic, Ice
   Magic, Air Magic and Earth Magic.
   Ranged Combat: Slings, Bows, Crossbows and Throwing.
Scrolls
 a - a scroll of identify
 d - a scroll of fear (in hand)
 e - a scroll of summoning
Potions
 c - a potion of haste
 f - a potion of brilliance


   Skills:
 - Level 2.4 Dodging
 - Level 3.0 Stealth
 - Level 3.0 Spellcasting
 * Level 1.5 Conjurations
 - Level 2.0 Transmutations
 + Level 4.4(4.9) Earth Magic


You had 2 spell levels left.
You knew the following spells:

 Your Spells              Type           Power      Damage    Failure   Level
r - Stone Arrow           Conj/Erth      32%        3d9       11%         3
w - Passwall              Tmut/Erth      13%        N/A       5%          2
z - Sandblast             Erth           44%        2d11      1%          1

Your spell library contained the following spells:

 Spells                   Type           Power      Damage    Failure   Level
 Petrify                  Tmut/Erth      16%        N/A       34%         4
 Lee's Rapid Deconstruct  Erth           11%        3d9*      45%         5


Dungeon Overview and Level Annotations

Branches:
Dungeon (4/15)
 Temple: D:4-7

Altars:
Ashenzari
Elyvilon
Ru
Uskayaw

Annotations:
D:3 1 runed translucent door, exclusion: ice beast, RaccoonRonin's ghost, weakling KoHu


Message History

Casting: Stone Arrow (extremely dangerous; 11% risk of failure)
Confirm with . or Enter, or press ? or * to list all spells.
The spell is extremely dangerous to cast (11% risk of failure)!
Continue anyway?
Aiming: Stone Arrow (extremely dangerous; 11% risk of failure)
Press: ? - help, Shift-Dir - straight line, f - endoplasm
Aim: an endoplasm (97% to hit)
The stone arrow hits the endoplasm!!
You kill the endoplasm!
Found a scroll of identify.
A giant cockroach comes into view.
Found a stone staircase leading down.
A two-headed ogre comes into view. It is wielding two +0 giant clubs.
There is a stone staircase leading up here.
Casting: Stone Arrow (extremely dangerous; 11% risk of failure)
Confirm with . or Enter, or press ? or * to list all spells.
The spell is extremely dangerous to cast (11% risk of failure)!
Continue anyway?
Aiming: Stone Arrow (extremely dangerous; 11% risk of failure)
Press: ? - help, Shift-Dir - straight line, f - two-headed ogre
Aim: a two-headed ogre, wielding two +0 giant clubs (85% to hit)
The stone arrow hits the two-headed ogre.
The two-headed ogre is lightly wounded.
Casting: Stone Arrow (extremely dangerous; 11% risk of failure)
Confirm with . or Enter, or press ? or * to list all spells.
The spell is extremely dangerous to cast (11% risk of failure)!
Continue anyway?
Aiming: Stone Arrow (extremely dangerous; 11% risk of failure)
Press: ? - help, Shift-Dir - straight line, f/p - two-headed ogre
Aim: a two-headed ogre, wielding two +0 giant clubs (lightly wounded, 85% to hit)
The stone arrow hits the two-headed ogre!!
The two-headed ogre is heavily wounded.
Casting: Stone Arrow (extremely dangerous; 11% risk of failure)
Confirm with . or Enter, or press ? or * to list all spells.
The spell is extremely dangerous to cast (11% risk of failure)!
Continue anyway?
Aiming: Stone Arrow (extremely dangerous; 11% risk of failure)
Press: ? - help, Shift-Dir - straight line, f/p - two-headed ogre
Aim: a two-headed ogre, wielding two +0 giant clubs (heavily wounded, 85% to hit)
The stone arrow hits the two-headed ogre!
The two-headed ogre is severely wounded.
The two-headed ogre hits you with a +0 giant club!!
Ouch! That really hurt!
You die...

.. ... #####.###
##.#..... ##
#.......##.###
#............#
#..........#
##........##
#..#....@..#
###.......O..##
#...........).#
........#....†##
.#....#.#..#.<.#
#.#.......#...# #
#..##..##...# ##
#...##..###..###.##
.........#...#....#.


You could see a two-headed ogre.

Vanquished Creatures
  3 adders
  A ball python (D:3)
  2 bats (D:1)
  3 endoplasms
  A giant cockroach (D:2)
  3 goblins
  6 hobgoblins
  3 jackals (D:2)
  4 kobolds
  2 quokkas
  4 frilled lizards
  2 rats
34 creatures vanquished.

Vanquished Creatures (others)
  3 plants (D:4)
3 creatures vanquished.

Grand Total: 37 creatures vanquished

Notes
Turn   | Place    | Note
-------+----------+-------------------------------------------
     0 | D:1      | ipx the Deep Elf Earth Elementalist began the quest for the
                  | Orb.
     0 | D:1      | Reached XP level 1. HP: 10/10 MP: 6/6
   169 | D:1      | Reached XP level 2. HP: 15/15 MP: 5/8
   172 | D:1      | Learned a level 2 spell: Passwall
   199 | D:1      | Found a faded altar of an unknown god.
   213 | D:1      | Became a worshipper of Ashenzari the Shackled
   324 | D:2      | Reached skill level 4 in Earth Magic
   360 | D:2      | Found a sacrificial altar of Ru.
   367 | D:2      | Reached XP level 3. HP: 19/19 MP: 2/9
   371 | D:2      | Learned a level 3 spell: Stone Arrow
   542 | D:3      | Reached skill level 1 in Conjurations
   598 | D:3      | Noticed an ice beast
   612 | D:3      | Found a runed translucent door.
   612 | D:3      | Noticed RaccoonRonin's ghost (weakling KoHu)
   842 | D:4      | Found a white marble altar of Elyvilon.
   843 | D:4      | Found a hide-covered altar of Uskayaw.
   854 | D:4      | Noticed a two-headed ogre
   874 | D:4      | Slain by a two-headed ogre

Illustrated notes

Levels and vault maps discovered:
D:1:      matt_arrival_refuge, layout_basic, basic_ecumenical_altar
D:2:      layout_basic, basic_altar
D:3:      layout_loops_ring, ebering_ghost_inner_flame
D:4:      layout_cave_pools, grunt_temple_overflow_open,
          minmay_temple_entry_enclosed_plants, serial_column_ruins,
          column_ruins_hut, column_ruins_open_medium, column_ruins_open_small,
          column_ruins_columns_corner, column_ruins_open_large,
          column_ruins_grid_2, grunt_ministairs_13

Skill      XL: |  1  2  3 |
---------------+----------+-----
Stealth        | 3 |  3.0
Earth Magic    | 4 |  4.4
Conjurations   | 1 |  1.5
Transmutations | 2 |  2.0
Dodging        | |  2.4
Spellcasting   | |  3.0

Action                   || total
-------------------------++-------
 Cast: Sandblast         ||    35
       Stone Arrow       ||    15
       Passwall          ||     2
Invok: Curse Item        ||     1
Armor: Robe              ||     2
Dodge: Dodged            ||     3

Table legend: (Time is in decaauts)
 A = Elapsed time spent in this place.
 B = Non-inter-level travel time spent in this place.
 C = Inter-level travel time spent in this place.
 D = Time resting spent in this place.
 E = Time spent auto-exploring this place.
 F = Levels seen in this place.
 G = Mean time per level.
                   A        B        C        D        E       F      G
               +--------+--------+--------+--------+--------+-----+--------+
         Total |    893 |    893 |      0 |      0 |      0 |   4 |  223.2 |
       Dungeon |    893 |    893 |      0 |      0 |      0 |   4 |  223.2 |
               +--------+--------+--------+--------+--------+-----+--------+

Top non-repeatable levels by time:
     D:1: 281 daAuts
     D:3: 261 daAuts
     D:2: 235 daAuts
     D:4: 115 daAuts
